[Event "Titled Tuesday Blitz August 15 Early 2023"]
[White "favesaul"]
[Black "Preobrazhenska_D2011"]
[WhiteElo "2450"]
[BlackElo "2294"]
[Result "0-1"]
[Round "7"]
[TimeControl "180+1"]
[Date "2023.08.15"]
[WhiteClock "0:00:00"]
[BlackClock "0:00:02"]
[Board "150"]

1. e4 c5 2. Nf3 d6 3. d4 cxd4 4. Nxd4 Nf6 5. Nc3 a6 6. Bc4 e6 7. Be3 Qc7 8. Bb3 Be7 9. Qe2 b5 10. a3 O-O 11. g4 Nc6 12. g5 Ne8 13. O-O-O Na5 14. Kb1 Nxb3 15. cxb3 Bb7 16. Rc1 Qd7 17. h4 e5 18. Nc2 f5 19. f4 fxe4 20. fxe5 dxe5 21. Rcd1 Qe6 22. Nb4 Bxb4 23. axb4 Qxb3 24. Bc5 Rf7 25. h5 e3 26. Qxe3 Bxh1 27. Rxh1 Qe6 28. Ne4 Rd8 29. Rg1 g6 30. hxg6 Qxg6 31. Ka1 Kh8 32. Nc3 Qf5 33. g6 hxg6 34. Qg3 Rh7 35. Be3 Rd3 36. Qe1 Rh3 37. Bc5 Nf6 38. Rf1 Rdf3 39. Rg1 Rh2 40. Qd1 Rd3 41. Qc1 Rdd2 42. Rf1 Qe6 43. Qe1 Rxb2 0-1


[Site "https://www.chess.com"]

[Event "Titled Tuesday Blitz August 15 Early 2023"]
[White "Diaz, Fernando"]
[Black "Mrudul Dehankar"]
[WhiteFideId "3701255"]
[BlackFideId "25096990"]
[WhiteElo "2287"]
[BlackElo "2437"]
[Result "0-1"]
[Round "7"]
[TimeControl "180+1"]
[Date "2023.08.15"]
[WhiteClock "0:00:01"]
[BlackClock "0:00:04"]
[Board "151"]

1. e4 c6 2. d4 d5 3. exd5 cxd5 4. Bd3 Nf6 5. c3 Nc6 6. Bf4 g6 7. Nd2 Bg7 8. Ngf3 O-O 9. O-O Nh5 10. Bg5 f6 11. Be3 e5 12. dxe5 fxe5 13. Bc5 Rf7 14. Bc2 Nf4 15. Re1 Be6 16. Be3 e4 17. Nxe4 dxe4 18. Qxd8+ Rxd8 19. Bxe4 Nd5 20. Ng5 Rf6 21. Bxa7 Bf5 22. c4 Bxe4 23. Nxe4 Nxa7 24. cxd5 Rb6 25. Rab1 Rxd5 26. b3 Nb5 27. Rbc1 Rc6 28. Rcd1 Nd4 29. h3 Re6 30. Nc3 Rdd6 31. Rxe6 Rxe6 32. Kf1 Kf7 33. Na4 Rc6 34. Nb2 Bf6 35. Nc4 b5 36. Ne3 Ke6 37. g4 Nc2 38. Nd5 Be5 39. f4 Bb8 40. Ke2 Rd6 41. Nc3 Nd4+ 42. Kf2 Ba7 43. Re1+ Kf7 44. Kg3 Ne6 45. Nxb5 Rd3+ 46. Kh4 Nxf4 47. Kg5 Nxh3+ 48. Kh4 Nf4 49. Rh1 Ne6 50. g5 Bf2+ 51. Kg4 Rg3+ 52. Kh4 Rg1+ 53. Kh3 Rxh1+ 54. Kg2 Rh4 55. Kxf2 Rg4 56. Nd6+ Ke7 57. Nc8+ Kd7 58. Nb6+ Kc6 59. Nd5 Kxd5 60. Kf3 Rb4 0-1


[Site "https://www.chess.com"]

[Event "Titled Tuesday Blitz August 15 Early 2023"]
[White "Levitan, Caleb Levi"]
[Black "Baghdasaryan, Vahe"]
[WhiteFideId "14332620"]
[BlackFideId "13303139"]
[WhiteElo "2283"]
[BlackElo "2433"]
[Result "1/2-1/2"]
[Round "7"]
[TimeControl "180+1"]
[Date "2023.08.15"]
[WhiteClock "0:00:03"]
[BlackClock "0:00:06"]
[Board "152"]

1. e4 e5 2. Nf3 Nc6 3. Bb5 a6 4. Ba4 Nf6 5. d3 d6 6. c3 Be7 7. O-O O-O 8. Nbd2 b5 9. Bb3 Na5 10. Bc2 c5 11. Re1 Qc7 12. Nf1 Nc6 13. Ng3 d5 14. Nh4 dxe4 15. dxe4 Bg4 16. f3 Rad8 17. Qe2 Be6 18. Nhf5 g6 19. Nxe7+ Nxe7 20. Bg5 Ne8 21. a4 f6 22. Bh6 Bc4 23. Qf2 Rf7 24. Be3 Rc8 25. axb5 axb5 26. b3 Be6 27. Ra6 Ng7 28. Rea1 c4 29. b4 Nc6 30. Ra8 Rff8 31. Rxc8 Rxc8 32. Bc5 Qb7 33. h4 Ra8 34. Rxa8+ Qxa8 35. Qd2 Ne8 36. Kh2 Qd8 37. Qxd8 Nxd8 38. h5 Nb7 39. hxg6 hxg6 40. Be3 Kf7 41. Ne2 Ng7 42. f4 exf4 43. Nxf4 Nd6 44. Nxg6 Kxg6 45. e5+ Ndf5 46. g4 fxe5 47. gxf5+ Bxf5 48. Bd1 Ne6 49. Kg3 Bd3 50. Bf3 e4 51. Bg4 Nc7 52. Bd7 Kf7 53. Bf4 Nd5 54. Be5 e3 55. Bxb5 e2 56. Kf2 Ke6 57. Bg3 Kf5 58. Bc6 Nxc3 59. b5 Na4 60. Bd5 Nb6 61. Bc6 c3 62. Ke1 c2 63. Kd2 Nc4+ 64. Kc1 Kg4 65. Be1 Nd6 66. Bd5 Bxb5 67. Bb3 Ba4 68. Bxa4 Ne4 69. Bxc2 Ng3 70. Bd3 Kf3 71. Kd2 Nf1+ 72. Kc1 Ne3 73. Kd2 Nf1+ 74. Kc1 Ke3 75. Bxe2 Kxe2 1/2-1/2


[Site "https://www.chess.com"]

[Event "Titled Tuesday Blitz August 15 Early 2023"]
[White "Barwinska, Ewa"]
[Black "Sanhueza, Cristian"]
[WhiteFideId "21833761"]
[BlackFideId "116815"]
[WhiteElo "2281"]
[BlackElo "2423"]
[Result "1/2-1/2"]
[Round "7"]
[TimeControl "180+1"]
[Date "2023.08.15"]
[WhiteClock "0:00:12"]
[BlackClock "0:00:15"]
[Board "153"]

1. d4 Nf6 2. Bf4 c5 3. e3 Qb6 4. b3 d5 5. Nf3 Nc6 6. Bd3 Bg4 7. c3 e6 8. h3 Bh5 9. Nbd2 Be7 10. O-O O-O 11. Qc2 Rac8 12. Qb2 Bg6 13. Bxg6 hxg6 14. a3 cxd4 15. cxd4 Qa6 16. b4 Qd3 17. Rfd1 a6 18. Nb3 Qf5 19. Nc5 Bxc5 20. bxc5 Ne4 21. Qxb7 g5 22. Be5 Nxe5 23. dxe5 Rxc5 24. Qxa6 Rc2 25. Rf1 Rfc8 26. Nd4 Qxe5 27. Nxc2 Rxc2 28. Rac1 Ra2 29. Qc8+ Kh7 30. Qc7 Qf5 31. Rc2 Rxa3 32. Qe7 Rd3 33. Rc7 Kg6 34. Rc2 Rb3 35. Qc7 e5 36. Qc6+ Nf6 37. Re2 Qd3 38. Qc2 Kf5 39. Rd1 Qxc2 40. Rxc2 Ra3 41. g4+ Ke6 42. Kg2 Kd6 43. Kf3 Ra6 44. Re2 Ra4 45. Kg3 Ne4+ 46. Kg2 Nc3 47. Red2 Nxd1 48. Rxd1 d4 49. exd4 Rxd4 50. Ra1 f6 51. Ra7 g6 52. Rg7 Ke6 53. Rxg6 Kf7 54. Rh6 Kg7 55. Rh5 Rd2 56. Kg3 Ra2 57. h4 Ra3+ 58. Kg2 gxh4 59. Rxh4 Kg6 60. Rh5 Ra4 61. Kg3 Ra3+ 62. Kg2 Ra2 63. Kg3 Rb2 64. Rf5 Rb3+ 65. Kg2 Rb1 66. Kg3 Rb3+ 67. Kg2 Kg7 68. g5 fxg5 69. Rxg5+ Kf6 70. Rg4 Kf5 71. Ra4 Rb2 72. Kf3 Rb3+ 73. Kg2 Rb2 74. Kf3 Rc2 75. Kg2 Rc3 76. f3 Rc2+ 77. Kg3 Rc1 78. Re4 Rg1+ 79. Kf2 Ra1 80. Kg3 Rg1+ 81. Kf2 Rc1 82. Kg3 Rc2 83. Rh4 Ke6 84. Rh6+ Kd5 85. Rh8 Rc7 86. Rd8+ Ke6 87. Re8+ Kf6 88. Rf8+ Kg7 89. Re8 Kf6 90. Rf8+ Ke7 91. Rf5 Rc5 92. f4 Rc3+ 93. Kg4 exf4 94. Rxf4 Ke6 95. Rf3 Rc2 96. Kg3 Rc1 97. Kf4 Rc4+ 98. Kg3 Ra4 99. Rf4 Ra3+ 100. Kg4 Ra8 101. Re4+ Kf6 102. Rf4+ Kg6 103. Kf3 Ra3+ 104. Ke4 Ra4+ 105. Kf3 Ra3+ 106. Ke4 Rb3 107. Rg4+ Kf6 108. Rf4+ Ke6 109. Kd4 Rb4+ 110. Ke3 Rb3+ 111. Kf2 Ra3 112. Rf3 Ra4 113. Re3+ Kf5 114. Kf3 Rf4+ 115. Ke2 Rd4 116. Rf3+ Ke4 117. Re3+ Kf4 118. Rd3 Ra4 119. Rd2 Ra3 120. Rd3 Ra2+ 121. Rd2 Ra8 122. Rd3 Ke4 123. Re3+ Kd4 124. Rd3+ Kc4 125. Re3 Rd8 126. Kf3 Rf8+ 127. Ke4 Re8+ 128. Kf3 Rf8+ 129. Ke4 Rf7 130. Rf3 Re7+ 131. Kf4 Kd4 132. Ra3 Rf7+ 133. Kg5 Rg7+ 134. Kf6 Rg1 135. Ra4+ Kc5 136. Ra5+ Kb6 137. Rf5 Re1 138. Kg5 Kc6 139. Rf6+ Kd5 140. Rf5+ Ke6 141. Rf6+ Ke7 142. Rf4 Re5+ 143. Kg4 Ke6 144. Kf3 1/2-1/2


[Site "https://www.chess.com"]

[Event "Titled Tuesday Blitz August 15 Early 2023"]
[White "Kohler, Aran"]
[Black "Karavade, Eesha"]
[WhiteFideId "1002856"]
[BlackFideId "5012600"]
[WhiteElo "2260"]
[BlackElo "2419"]
[Result "0-1"]
[Round "7"]
[TimeControl "180+1"]
[Date "2023.08.15"]
[WhiteClock "0:00:14"]
[BlackClock "0:01:01"]
[Board "154"]

1. d4 Nf6 2. Nf3 d5 3. Bg5 Ne4 4. Bh4 c5 5. c3 Qb6 6. Qb3 c4 7. Qxb6 axb6 8. Nbd2 Nxd2 9. Nxd2 b5 10. a3 Bf5 11. Rc1 Nc6 12. f3 e6 13. e4 Bg6 14. Be2 Be7 15. Bxe7 Nxe7 16. O-O Nc8 17. exd5 exd5 18. Rfe1 O-O 19. Bd1 f6 20. Bc2 Kf7 21. Bxg6+ hxg6 22. Re2 Nb6 23. f4 Rfe8 24. Rf2 Re7 25. Nf3 Rae8 26. Rcc2 Re3 27. g4 R8e4 28. Nd2 Re1+ 29. Kg2 R4e2 30. Nf3 Rxf2+ 31. Rxf2 Rb1 32. f5 Na4 33. fxg6+ Kxg6 34. Nh4+ Kf7 35. Rf5 Rxb2+ 36. Kg3 Nxc3 37. g5 Ne4+ 0-1


[Site "https://www.chess.com"]

[Event "Titled Tuesday Blitz August 15 Early 2023"]
[White "Todorovic, Bojan"]
[Black "Juicy_Fork"]
[WhiteFideId "917087"]
[WhiteElo "2411"]
[BlackElo "2254"]
[Result "1-0"]
[Round "7"]
[TimeControl "180+1"]
[Date "2023.08.15"]
[WhiteClock "0:00:19"]
[BlackClock "0:00:05"]
[Board "156"]

1. d4 Nf6 2. c4 g6 3. Nc3 Bg7 4. e4 d6 5. Be2 O-O 6. Nf3 e5 7. O-O Bg4 8. d5 Na6 9. Be3 Nc5 10. Nd2 Bxe2 11. Qxe2 a5 12. b3 Qd7 13. a3 Ng4 14. b4 Nxe3 15. Qxe3 Na6 16. Rfb1 f5 17. f3 f4 18. Qf2 g5 19. c5 h5 20. Nc4 axb4 21. axb4 Rad8 22. c6 Qc8 23. Qa7 Nb8 24. Qxb7 g4 25. Qxc8 Rxc8 26. b5 gxf3 27. gxf3 Bf6 28. Kh1 Kf7 29. b6 Ke7 30. Nb5 cxb6 31. Ncxd6 Rcd8 32. Ra7+ Nd7 33. Nf5+ Kf7 34. Nbd6+ Kg6 35. Rg1+ Bg5 36. h4 Rg8 37. Rg4 hxg4 38. c7 Rc8 39. fxg4 Bf6 40. Nxc8 Rxc8 41. Nd6 Rh8 42. c8=Q Rxc8 43. Nxc8 Nc5 44. h5+ Kg5 45. Rf7 Nxe4 46. d6 Nf2+ 47. Kg2 Nxg4 48. d7 Ne3+ 49. Kf3 Bd8 50. Rf8 Bc7 51. d8=Q+ Bxd8 52. Rxd8 Kxh5 53. Nd6 Kg5 54. Ne4+ Kf5 55. Rf8+ Ke6 56. Rf6+ Kd5 57. Rxb6 Nc2 58. Nf6+ Kc5 59. Rb8 Kd4 60. Rd8+ Kc3 61. Ke4 Kb2 62. Ng4 Nb4 63. Nxe5 Kb3 64. Kxf4 Ka3 65. Ke4 Kb3 66. Kd4 Ka2 67. Ra8+ Kb1 68. Rb8 Ka1 69. Rxb4 Ka2 70. Kc3 Ka1 71. Kc2 Ka2 72. Ra4# 1-0


[Site "https://www.chess.com"]

[Event "Titled Tuesday Blitz August 15 Early 2023"]
[White "Sarkar, Justin"]
[Black "Daeschler, Florian"]
[WhiteFideId "2010011"]
[BlackFideId "20678193"]
[WhiteElo "2245"]
[BlackElo "2404"]
[Result "1-0"]
[Round "7"]
[TimeControl "180+1"]
[Date "2023.08.15"]
[WhiteClock "0:00:02"]
[BlackClock "0:00:01"]
[Board "157"]

1. d4 d5 2. c4 e6 3. Nc3 c5 4. cxd5 exd5 5. Nf3 Nc6 6. Bg5 Nf6 7. e3 c4 8. Bxf6 gxf6 9. e4 Bb4 10. exd5 Qxd5 11. Be2 Be6 12. O-O Bxc3 13. bxc3 Rg8 14. g3 O-O-O 15. Nd2 Ne5 16. Nf3 Bh3 17. dxe5 Bxf1 18. Qxf1 fxe5 19. Nh4 b5 20. a4 Qe4 21. Qh3+ Kb8 22. Bf3 Qc2 23. axb5 Qxc3 24. Rf1 Rd4 25. Bc6 Qd2 26. Qf5 f6 27. Qxf6 Rgd8 28. Qxe5+ R4d6 29. Nf5 Kc7 30. Nxd6 Rxd6 31. Qe7+ Kb6 32. Qb7+ Kc5 33. Qxa7+ Kb4 34. Ra1 c3 35. Qa5+ Kc4 36. b6 c2 37. Qa6+ Kc5 38. Qb5+ Kd4 39. Ra4+ Kc3 40. Qc4+ Kb2 41. Qa2+ Kc1 42. Qa1# 1-0


[Site "https://www.chess.com"]

[Event "Titled Tuesday Blitz August 15 Early 2023"]
[White "Namitbir Singh Walia"]
[Black "Clawitter, Craig"]
[WhiteFideId "35071068"]
[BlackFideId "2023105"]
[WhiteElo "2399"]
[BlackElo "2248"]
[Result "1-0"]
[Round "7"]
[TimeControl "180+1"]
[Date "2023.08.15"]
[WhiteClock "0:00:20"]
[BlackClock "0:00:12"]
[Board "158"]

1. e4 e6 2. d4 d5 3. Nd2 Be7 4. Bd3 c5 5. dxc5 Nf6 6. Ngf3 dxe4 7. Nxe4 Nxe4 8. Bxe4 Qxd1+ 9. Kxd1 Bxc5 10. Ke2 Nc6 11. c3 Bd7 12. Be3 Bb6 13. Rhd1 O-O-O 14. Bxb6 axb6 15. Rd2 f6 16. Rad1 Kc7 17. h4 h6 18. Ke3 Bc8 19. Rxd8 Rxd8 20. Rxd8 Kxd8 21. h5 Kc7 22. g4 Kd6 23. Bd3 Ne5 24. Nxe5 Kxe5 25. f4+ Kd6 26. Be4 e5 27. f5 b5 28. Kd3 b6 29. b4 Bd7 30. Kc2 Be8 31. Kb2 Bf7 32. Bd3 Bc4 33. Bxc4 bxc4 34. a4 Kd5 35. Kc2 Ke4 36. Kd2 Kf3 37. a5 bxa5 38. bxa5 Kf2 39. a6 e4 40. a7 e3+ 41. Kc2 e2 42. a8=Q e1=Q 43. Qa7+ Kf1 44. Qd4 Qe2+ 45. Kc1 Qe1+ 46. Kb2 Qe2+ 47. Ka3 Qd3 48. Kb4 Ke2 49. Qxc4 Qxc4+ 50. Kxc4 Kf3 51. Kd4 Kxg4 52. c4 Kxf5 53. Kd5 Kg4 54. c5 f5 55. c6 f4 56. c7 f3 57. c8=Q+ Kg3 58. Qc7+ Kg2 59. Qxg7+ Kf1 60. Qa1+ Kg2 61. Qg7+ Kf1 62. Qxh6 f2 63. Qf4 Kg2 64. h6 f1=Q 65. Qxf1+ Kxf1 66. h7 1-0


[Site "https://www.chess.com"]

[Event "Titled Tuesday Blitz August 15 Early 2023"]
[White "Rom, Jasper"]
[Black "Fernandez Hernandez, Gerardo"]
[WhiteFideId "2023733"]
[BlackFideId "2207400"]
[WhiteElo "2398"]
[BlackElo "2234"]
[Result "1-0"]
[Round "7"]
[TimeControl "180+1"]
[Date "2023.08.15"]
[WhiteClock "0:00:11"]
[BlackClock "0:00:00"]
[Board "159"]

1. e4 e6 2. d4 d5 3. Bd3 c5 4. exd5 exd5 5. Nf3 c4 6. Be2 Nf6 7. b3 cxb3 8. axb3 Nc6 9. O-O Bd6 10. c4 O-O 11. h3 Re8 12. Nc3 Bb4 13. Bb2 Bf5 14. Bd3 Qd7 15. Nb5 Bxd3 16. Qxd3 a6 17. Nc3 Bxc3 18. Bxc3 Ne4 19. Rfe1 Rad8 20. c5 f6 21. b4 Na7 22. Bb2 Qb5 23. Qb3 Nc6 24. Ba3 a5 25. Rab1 axb4 26. Bxb4 Ra8 27. Ba3 Qxb3 28. Rxb3 Kf7 29. Rxb7+ Re7 30. Rb3 Rea7 31. Bb2 Rb8 32. Ree3 Rab7 33. Rxb7+ Rxb7 34. Re2 Nb4 35. Nd2 Nxd2 36. Rxd2 Nc6 37. Kf1 Rb4 38. Ke2 Ke6 39. Kd3 Kf5 40. Bc3 Rb3 41. Rb2 Rb5 42. Rxb5 1-0


[Site "https://www.chess.com"]

[Event "Titled Tuesday Blitz August 15 Early 2023"]
[White "Zaichenko, Daria"]
[Black "Hoffmann, Asa"]
[WhiteFideId "4197453"]
[BlackFideId "2001470"]
[WhiteElo "2222"]
[BlackElo "2396"]
[Result "1-0"]
[Round "7"]
[TimeControl "180+1"]
[Date "2023.08.15"]
[WhiteClock "0:01:05"]
[BlackClock "0:00:57"]
[Board "160"]

1. e4 d6 2. d4 Nf6 3. Nc3 c6 4. f4 Qa5 5. Bd3 e5 6. Nf3 exd4 7. Nxd4 Qb6 8. Nb3 a5 9. a4 Bg4 10. Be2 h5 11. Qd3 Na6 12. Be3 Qc7 13. h3 Nb4 14. Qd2 Bxe2 15. Qxe2 Be7 16. Nd4 g6 17. f5 O-O-O 18. fxg6 fxg6 19. Ne6 Qd7 20. Nxd8 Bxd8 21. O-O-O Re8 22. Bc5 Bc7 23. Qf3 Qe6 24. Bd4 Nd7 25. Kb1 Ne5 26. Bxe5 dxe5 27. Rhf1 Bb6 28. Qf7 Bd4 29. Qxe6+ Rxe6 30. Ne2 Be3 31. Rf3 Bh6 32. Rdf1 Bg5 33. Rf8+ Kc7 34. R1f7+ Kb6 35. Rb8 Be7 36. Re8 1-0


[Site "https://www.chess.com"]

[Event "Titled Tuesday Blitz August 15 Early 2023"]
[White "Fernandez Garcia, Gumersindo"]
[Black "campochess"]
[WhiteFideId "24516740"]
[WhiteElo "2392"]
[BlackElo "2173"]
[Result "1-0"]
[Round "7"]
[TimeControl "180+1"]
[Date "2023.08.15"]
[WhiteClock "0:00:04"]
[BlackClock "0:00:41"]
[Board "161"]

1. e4 c5 2. Nf3 Nc6 3. d4 cxd4 4. Nxd4 e5 5. Nb5 a6 6. Nd6+ Bxd6 7. Qxd6 Qe7 8. Qxe7+ Ngxe7 9. Nc3 d5 10. Nxd5 Nxd5 11. exd5 Nb4 12. Kd1 Bf5 13. Bd2 Nxc2 14. Rc1 Nd4 15. Rc7 O-O 16. Bc3 Rfd8 17. Bxd4 Rxd5 18. Bc4 Rxd4+ 19. Ke2 Bg6 20. Rc1 Rad8 21. Rxb7 Rxc4 22. Rxc4 Bd3+ 23. Ke3 Bxc4 24. b3 Bd5 25. Rb6 f5 26. Rxa6 f4+ 27. Ke2 Bxg2 28. f3 e4 29. fxe4 Bxe4 30. Re6 Bb1 31. a4 Bc2 32. Rb6 g5 33. a5 g4 34. a6 f3+ 35. Ke3 Re8+ 36. Kf2 Re2+ 37. Kg3 Rg2+ 38. Kh4 f2 39. a7 Be4 40. Rf6 Kg7 41. Rf4 Ba8 42. b4 Kg6 43. b5 h5 44. b6 Rxh2+ 45. Kg3 Rh3+ 46. Kxf2 Rb3 47. Rf8 Bd5 48. Rd8 Be4 49. Re8 Kf5 50. Rxe4 Kxe4 51. a8=Q+ Kf4 52. Qb8+ Kg5 53. Qe5+ Kh4 54. Qe7+ Kh3 55. Ke2 Rxb6 56. Qe3+ Kh2 57. Qxb6 h4 58. Qf2+ Kh3 59. Kf1 g3 60. Qg2+ Kg4 61. Qe4+ Kg5 62. Kg1 h3 63. Qe3+ Kg4 64. Qe4+ Kg5 65. Qf3 Kh4 66. Qf4+ 1-0


[Site "https://www.chess.com"]

[Event "Titled Tuesday Blitz August 15 Early 2023"]
[White "Johnson, Ben"]
[Black "Der_Balak_3Halak"]
[WhiteFideId "2010917"]
[WhiteElo "2149"]
[BlackElo "2378"]
[Result "0-1"]
[Round "7"]
[TimeControl "180+1"]
[Date "2023.08.15"]
[WhiteClock "0:00:08"]
[BlackClock "0:02:22"]
[Board "162"]

1. Nf3 g6 2. e4 Bg7 3. d4 d6 4. Bc4 Nf6 5. Nc3 Nxe4 6. Nxe4 d5 7. Bd3 dxe4 8. Bxe4 O-O 9. c3 c6 10. O-O Nd7 11. Bf4 h6 12. Re1 g5 13. Bg3 f5 14. Bxf5 Rxf5 15. Qc2 Nb6 16. b3 Nd5 17. Ne5 Nf4 18. Rad1 Qd5 19. Nf3 Nxg2 20. Kxg2 Qxf3+ 21. Kg1 Rf4 22. Rxe7 Bh3 0-1


[Site "https://www.chess.com"]

[Event "Titled Tuesday Blitz August 15 Early 2023"]
[White "Jakubowska, Anna"]
[Black "Ghosh, Chanchal Kumer"]
[WhiteFideId "1121952"]
[BlackFideId "10201858"]
[WhiteElo "2369"]
[BlackElo "2146"]
[Result "1-0"]
[Round "7"]
[TimeControl "180+1"]
[Date "2023.08.15"]
[WhiteClock "0:00:48"]
[BlackClock "0:00:36"]
[Board "163"]

1. e4 c5 2. Nf3 d6 3. d4 cxd4 4. Qxd4 Nf6 5. e5 Nc6 6. Bb5 Nd7 7. Bxc6 bxc6 8. O-O d5 9. e6 fxe6 10. Re1 Nf6 11. Bg5 Qc7 12. Nc3 a5 13. Qh4 c5 14. Bxf6 gxf6 15. Qh5+ Kd8 16. Nxd5 exd5 17. Qxd5+ Qd7 18. Qxa8 Ke8 19. Rad1 Qc7 20. Qd5 Bb7 21. Qh5# 1-0


[Site "https://www.chess.com"]

[Event "Titled Tuesday Blitz August 15 Early 2023"]
[White "Nosacheva, Mariya"]
[Black "Sava, Christiansen-Danut-Eugen"]
[WhiteFideId "34111422"]
[BlackFideId "1210114"]
[WhiteElo "2369"]
[BlackElo "2146"]
[Result "1-0"]
[Round "7"]
[TimeControl "180+1"]
[Date "2023.08.15"]
[WhiteClock "0:01:02"]
[BlackClock "0:01:05"]
[Board "164"]

1. e4 e6 2. d4 d5 3. Nc3 Bb4 4. exd5 exd5 5. Bd3 Nc6 6. a3 Bxc3+ 7. bxc3 Nge7 8. Qh5 Be6 9. Ne2 Qd7 10. Rb1 O-O-O 11. O-O Bf5 12. Qxf7 Rdf8 13. Bxf5 Rxf7 14. Bxd7+ Kxd7 15. Rxb7 Nf5 16. Bf4 Nd6 17. Bxd6 Kxd6 18. Nc1 Re8 19. f3 Re3 20. Nd3 Re2 21. Rf2 Rfe7 22. g3 R7e3 23. a4 a6 24. Rb1 Na5 25. Rb8 Nc4 26. Rd8+ Kc6 27. Nb4+ Kb7 28. Nxd5 Rxf2 29. Nxe3 Rxf3 30. Nxc4 1-0


[Site "https://www.chess.com"]

[Event "Titled Tuesday Blitz August 15 Early 2023"]
[White "Topalov, Aleksandar"]
[Black "Larina, Maria"]
[WhiteFideId "925659"]
[BlackFideId "24113182"]
[WhiteElo "2364"]
[BlackElo "2123"]
[Result "1-0"]
[Round "7"]
[TimeControl "180+1"]
[Date "2023.08.15"]
[WhiteClock "0:00:15"]
[BlackClock "0:00:00"]
[Board "165"]

1. b3 e5 2. Bb2 d6 3. d4 exd4 4. Qxd4 Nc6 5. Qf4 Qd7 6. Nc3 Nf6 7. Nf3 Be7 8. O-O-O Qf5 9. Qd2 O-O 10. e4 Qd7 11. h3 b6 12. Bb5 a6 13. Bc4 b5 14. Bd5 Bb7 15. e5 Nxd5 16. Nxd5 Rad8 17. Rhe1 Rfe8 18. Nxe7+ Rxe7 19. Qg5 h6 20. Qg3 g6 21. h4 Kh7 22. h5 Rg8 23. hxg6+ fxg6 24. exd6 Rxe1 25. Nxe1 cxd6 26. Rxd6 Qf7 27. Qc3 Rc8 28. Kb1 1-0


[Site "https://www.chess.com"]

[Event "Titled Tuesday Blitz August 15 Early 2023"]
[White "arturdailima"]
[Black "Nikulina, Alena"]
[BlackFideId "4172051"]
[WhiteElo "2355"]
[BlackElo "2075"]
[Result "1-0"]
[Round "7"]
[TimeControl "180+1"]
[Date "2023.08.15"]
[WhiteClock "0:00:59"]
[BlackClock "0:00:03"]
[Board "166"]

1. e4 c5 2. Nf3 e6 3. d4 cxd4 4. Nxd4 Nf6 5. Nc3 Nc6 6. Nxc6 bxc6 7. e5 Nd5 8. Ne4 Qc7 9. f4 Qb6 10. c4 Bb4+ 11. Ke2 f5 12. exf6 Nxf6 13. Be3 c5 14. Nxf6+ gxf6 15. Kf2 Bb7 16. a3 Ba5 17. b4 Rg8 18. bxa5 Qb2+ 19. Bd2 Qd4+ 20. Be3 Qb2+ 21. Ke1 Bxg2 22. Rg1 Ke7 23. Bxc5+ Ke8 24. Qd4 Rb8 25. Rd1 Rb7 26. Qxb2 Rxb2 27. Bf2 Kf7 28. Rxg2 1-0


[Site "https://www.chess.com"]

[Event "Titled Tuesday Blitz August 15 Early 2023"]
[White "Zepeda Berlanga, Jan Enrique"]
[Black "Polaczek, Richard"]
[WhiteFideId "5132355"]
[BlackFideId "200026"]
[WhiteElo "1972"]
[BlackElo "2344"]
[Result "0-1"]
[Round "7"]
[TimeControl "180+1"]
[Date "2023.08.15"]
[WhiteClock "0:00:00"]
[BlackClock "0:00:19"]
[Board "167"]

1. c4 e6 2. Nf3 Nf6 3. g3 d5 4. Nc3 d4 5. Nb1 Nc6 6. d3 e5 7. Bg2 Be7 8. a3 a5 9. O-O O-O 10. Bg5 Nd7 11. Bxe7 Qxe7 12. e3 Nc5 13. Re1 Qd8 14. exd4 exd4 15. Qc2 Bf5 16. Bf1 Qf6 17. Nbd2 Qg6 18. Nh4 Bxd3 19. Nxg6 Bxc2 20. Nxf8 Kxf8 21. b4 axb4 22. axb4 Rxa1 23. Rxa1 Nxb4 24. f4 d3 25. Bg2 Nb3 26. Nxb3 Bxb3 27. c5 d2 28. Bf3 Na2 29. Kf2 Nc3 30. Ke3 d1=Q 31. Bxd1 Nxd1+ 32. Kd2 Nf2 33. Ke3 Ng4+ 34. Kf3 Nxh2+ 35. Kg2 Ng4 36. Kf3 f5 37. Ke2 Bd5 38. Rd1 Nf6 39. Ke3 Ke7 40. Kd4 Bc6 41. Re1+ Be4 0-1


[Site "https://www.chess.com"]

[Event "Titled Tuesday Blitz August 15 Early 2023"]
[White "Wilson, Otis"]
[Black "Ivanov, Alexey"]
[WhiteFideId "30904021"]
[BlackFideId "4167635"]
[WhiteElo "1986"]
[BlackElo "2574"]
[Result "0-1"]
[Round "7"]
[TimeControl "180+1"]
[Date "2023.08.15"]
[WhiteClock "0:00:00"]
[BlackClock "0:01:57"]
[Board "168"]

1. d4 c6 2. c4 d5 3. cxd5 cxd5 4. Nc3 Nf6 5. Nf3 e6 6. Bf4 Be7 7. e3 O-O 8. Bd3 Nc6 9. a3 a6 10. h3 b5 11. Rc1 Bb7 12. O-O Rc8 13. Qe2 Na5 14. Rfd1 Nc4 15. Ne5 Qb6 16. g4 Rfd8 17. f3 Nxe5 18. Bxe5 Nd7 19. Bh2 Bd6 20. Bxd6 Qxd6 21. f4 Nb6 22. g5 Nc4 23. Re1 g6 24. h4 Bc6 25. Rc2 Rb8 26. h5 Rb7 27. Qg4 Bd7 28. Qh4 Rc8 29. Rh2 Be8 30. hxg6 fxg6 31. e4 Rg7 32. f5 dxe4 33. Nxe4 Qxd4+ 34. Rf2 Kh8 35. Nf6 Qxh4 0-1


[Site "https://www.chess.com"]

[Event "Titled Tuesday Blitz August 15 Early 2023"]
[White "MrAnnihilation"]
[Black "Kula, Robert"]
[BlackFideId "1101218"]
[WhiteElo "2429"]
[BlackElo "2241"]
[Result "1-0"]
[Round "7"]
[TimeControl "180+1"]
[Date "2023.08.15"]
[WhiteClock "0:00:18"]
[BlackClock "0:00:19"]
[Board "169"]

1. d4 d5 2. Bf4 Nf6 3. e3 Bf5 4. c4 c6 5. Qb3 Qb6 6. c5 Qxb3 7. axb3 a6 8. Nc3 Nbd7 9. b4 Rc8 10. h3 e6 11. Nf3 Be7 12. Nd2 O-O 13. Nb3 Ne4 14. Na5 Rb8 15. Bxb8 Rxb8 16. Nxe4 Bxe4 17. f3 Bg6 18. Bxa6 bxa6 19. Nxc6 Re8 20. Rxa6 Bh4+ 21. Kd2 e5 22. dxe5 f6 23. e6 Rxe6 24. Ra8+ Nf8 25. b5 Bf2 26. Ra3 Nd7 27. b4 h5 28. Nd4 Re8 29. b6 Ne5 30. Rc1 Nc4+ 31. Rxc4 dxc4 32. b7 Bg3 33. b5 Bf7 34. f4 Bd5 35. c6 Bf2 36. Nf5 Kh7 37. Ra8 c3+ 38. Kxc3 Re4 39. b8=Q Bxe3 40. Qh8+ Kg6 41. Qxg7+ Kxf5 42. g4+ Kxf4 43. Qxf6+ Kg3 44. Qd6+ Bf4 45. Qxd5 Re3+ 46. Kc4 Re1 47. gxh5 Rc1+ 48. Kb3 Rb1+ 49. Kc2 Rc1+ 50. Kb2 Re1 51. Rg8+ Kf2 52. Qg2+ Ke3 53. Re8+ Kd3 54. Rxe1 Be5+ 55. Kb3 Bf4 56. Qe4+ Kd2 57. Qe2# 1-0


[Site "https://www.chess.com"]

[Event "Titled Tuesday Blitz August 15 Early 2023"]
[White "Zampronha, Wladimir Camilo"]
[Black "Slovineanu, Viacheslav"]
[WhiteFideId "2103087"]
[BlackFideId "13900510"]
[WhiteElo "2233"]
[BlackElo "2356"]
[Result "0-1"]
[Round "7"]
[TimeControl "180+1"]
[Date "2023.08.15"]
[WhiteClock "0:00:00"]
[BlackClock "0:00:10"]
[Board "170"]

1. e4 c6 2. d4 d5 3. e5 Bf5 4. Nf3 e6 5. Be2 Nd7 6. O-O a6 7. Nbd2 h6 8. b3 g5 9. Bb2 Ne7 10. Ne1 Bg6 11. Nd3 Bg7 12. Rc1 Nf5 13. Bh5 Bxh5 14. Qxh5 Qe7 15. Rfe1 O-O-O 16. c4 f6 17. cxd5 exd5 18. Qg4 Qe6 19. exf6 Qxf6 20. Ne5 h5 21. Qf3 g4 22. Qd3 Nxe5 23. dxe5 Qe6 24. b4 Bh6 25. a4 Ne7 26. b5 axb5 27. axb5 Qf5 28. Qxf5+ Nxf5 29. Rc2 Bxd2 30. Rxd2 Ne7 31. Ba3 Kd7 32. Rb1 Ke6 33. Rc2 Rc8 34. bxc6 Rxc6 35. Rcb2 Rb8 36. Bxe7 Kxe7 37. Rxb7+ Rxb7 38. Rxb7+ Ke6 39. g3 d4 40. Rh7 Rc1+ 41. Kg2 d3 42. Rh6+ Kxe5 43. Rxh5+ Ke4 44. Rh8 d2 45. Re8+ Kf5 46. Rd8 d1=Q 0-1


[Site "https://www.chess.com"]

[Event "Titled Tuesday Blitz August 15 Early 2023"]
[White "Aung Thant Zin"]
[Black "Shapiro, Daniel"]
[WhiteFideId "13000063"]
[BlackFideId "2001780"]
[WhiteElo "2147"]
[BlackElo "2292"]
[Result "0-1"]
[Round "7"]
[TimeControl "180+1"]
[Date "2023.08.15"]
[WhiteClock "0:00:00"]
[BlackClock "0:01:37"]
[Board "171"]

1. e4 c5 2. Nf3 d6 3. d4 cxd4 4. Nxd4 Nf6 5. Nc3 Nc6 6. g3 Bd7 7. Bg2 e6 8. Be3 a6 9. a4 Qc7 10. Nb3 b6 11. O-O Bc8 12. a5 bxa5 13. Nxa5 Nxa5 14. e5 Nd5 15. Bxd5 exd5 16. Nxd5 Qc6 17. Rxa5 dxe5 18. Bb6 Bd6 19. c4 Be6 0-1


[Site "https://www.chess.com"]